 Dungeon Crawl Stone Soup version 0.23-a0-558-g30802b1 (webtiles) character file.

753 Lanoc the Chopper (level 7, -1/54 HPs)
             Began as a Gnoll Chaos Knight on Dec 11, 2018.
             Was a Plaything of Xom.
             Slain by Edmund the warg (11 damage)
             ... on level 4 of the Dungeon.
             The game lasted 00:12:34 (2815 turns).

Lanoc the Chopper (Gnoll Chaos Knight)              Turns: 2815, Time: 00:12:36

Health: -1/54      AC: 14    Str: 22      XL:     7   Next: 79%
Magic:  0/11       EV:  9    Int: 18 (19) God:    Xom [...*..]
Gold:   181        SH:  0    Dex:  9 (12) Spells: 11/11 levels left

rFire    . . .     SeeInvis .   a - +0 hand axe (chaos)
rCold    . . .     Gourm    .   (no shield)
rNeg     . . .     Faith    .   t - +2 chain mail {MR+}
rPois    +         Spirit   +   (no helmet)
rElec    .         Reflect  .   v - +1 cloak {MR+}
rCorr    .         Harm     .   (no gloves)
MR       +++..                  (no boots)
Stlth    ..........             r - amulet of guardian spirit
HPRegen  0.00/turn              d - ring of protection from magic
MPRegen  0.12/turn              (no ring)

@: mighty, brilliant, cleaving
A: distributed training, fangs 1, clumsy 1, frail 1, poison resistance,
inhibited regeneration, strong nose
a: Renounce Religion


You were on level 4 of the Dungeon.
You worshipped Xom.
You were a favourite toy of Xom.
You were not hungry.

You visited 2 branches of the dungeon, and saw 5 of its levels.

You collected 181 gold pieces.

Inventory:

Hand Weapons
 a - a +0 hand axe of chaos (weapon)
Missiles
 m - 34 arrows
Armour
 b - a +2 leather armour
 t - a +2 chain mail of magic resistance (worn)
 v - a +1 cloak of magic resistance (worn)
Magical Staves
 q - an uncursed staff of conjuration {unknown}
Jewellery
 d - a ring of protection from magic (left hand)
 r - an amulet of guardian spirit (around neck)
Scrolls
 h - a scroll of amnesia
 i - a scroll of enchant armour {unknown}
 l - 2 scrolls of teleportation
 o - a scroll of remove curse
 w - a scroll of random uselessness {unknown}
Potions
 e - a potion of flight
 f - a potion of magic
 k - a potion of lignification
 s - a potion of cancellation
Comestibles
 c - 9 rations
 j - 2 chunks of flesh


   Skills:
 + Level 7.1 Fighting
 + Level 2.6 Short Blades
 + Level 2.6 Long Blades
 + Level 7.1 Axes
 + Level 2.6 Maces & Flails
 + Level 2.6 Polearms
 + Level 2.6 Staves
 + Level 2.6 Slings
 + Level 2.6 Bows
 + Level 2.6 Crossbows
 + Level 2.6 Throwing
 + Level 5.3 Armour
 + Level 3.7 Dodging
 + Level 2.6 Stealth
 + Level 2.6 Shields
 + Level 2.6 Unarmed Combat
 + Level 2.6 Spellcasting
 + Level 2.1 Conjurations
 + Level 2.1 Hexes
 + Level 2.1 Charms
 + Level 2.1 Summonings
 + Level 2.1 Necromancy
 + Level 2.1 Translocations
 + Level 2.1 Transmutations
 + Level 2.1 Fire Magic
 + Level 2.1 Ice Magic
 + Level 2.1 Air Magic
 + Level 2.1 Earth Magic
 + Level 2.1 Poison Magic
 + Level 3.0 Invocations
 + Level 2.6 Evocations


You had 11 spell levels left.
You didn't know any spells.
Your spell library contained the following spells:

 Spells                   Type           Power        Failure   Level  Hunger
 Haunt                    Necr/Summ      ###.......   100%        7    #######
 Borgnjor's Revivificati  Necr           ###.......   100%        8    #######
 Death's Door             Chrm/Necr      ###.......   100%        8    #######
 Infestation              Necr           ###.......   100%        8    #######
 Necromutation            Tmut/Necr      ###.......   100%        8    #######


Dungeon Overview and Level Annotations

Branches:
Dungeon (4/15)             Temple (1/1) D:4

Altars:
Dithmenos
Fedhas
Gozag
Hepliaklqana
Kikubaaqudgha
Nemelex Xobeh
Ru
Sif Muna
Trog
Uskayaw
Vehumet
Wu Jian
Yredelemnul

Annotations:
D:4 Edmund


Innate Abilities, Weirdness & Mutations

Your experience applies equally to all skills.
You have very sharp teeth.
Your uncanny sense of smell can sniff out nearby items.
You are clumsy. (Dex -2)
You are frail. (-10% HP)
Your system is resistant to poisons. (rPois)
You do not regenerate when monsters are visible.


Message History

Edmund bites you but does no damage.
You feel better. Xom grants you insight.
You feel aware of your surroundings. Edmund barely misses you.
It was a potion of brilliance.
You feel clever all of a sudden. Edmund bites you!
* * * LOW HITPOINT WARNING * * *
It was a potion of might.
You feel very mighty all of a sudden.
Xom roars with laughter!
Edmund bites you but does no damage. Edmund bites you.
* * * LOW HITPOINT WARNING * * *
You completely miss Edmund.
Edmund is lightly wounded. "Go forth and cause havoc, mortal!"
Your +0 hand axe of chaos looks sharp (like it always does).
Edmund bites you!
You die...
Xom thinks this is hilarious!

....## .....##
......#
......###############
....####......#.....#
....####............#
##....##..+#######'.#
##.......#...#..h#.#
###.....#...#.@.#.#
#.....#.......###
#.....###†_.###
#.....#..)....#
#.....#.÷.#...#,*
#.....#...#...#,*
#.....'#######+,
#.............,
#)........#...,,*


You could see Edmund the warg.

Vanquished Creatures
  An efreet (D:4)
  An ogre (D:4)
  A centaur (D:4)
  A crimson imp (D:3)
  A centaur skeleton (D:4)
  An orc wizard (D:4)
  Robin (D:4)
  3 gnolls (D:3)
  4 adders
  A shadow imp (D:3)
  An ooze (D:3)
  3 worms
  2 dart slugs (D:3)
  4 leopard geckos
  3 orcs
  5 giant cockroaches
  21 goblins
  12 hobgoblins
  4 jackals (D:2)
  2 quokkas
  7 bats
  2 frilled lizards
  A giant cockroach zombie (D:3)
  9 kobolds
  7 rats
  A plant (D:3)
99 creatures vanquished.

Vanquished Creatures (collateral kills)
  A golden eye (shapeshifter) (D:4)
  An orc wizard (D:4)
  A goblin (D:4)
3 creatures vanquished.

Grand Total: 102 creatures vanquished

Notes
Turn   | Place    | Note
-------+----------+-------------------------------------------
     0 | D:1      | Lanoc the Gnoll Chaos Knight began the quest for the Orb.
     0 | D:1      | Reached XP level 1. HP: 23/23 MP: 1/1
    28 | D:1      | Reached XP level 2. HP: 22/29 MP: 2/2
    85 | D:1      | XOM: divination: detect creatures
   249 | D:1      | XOM: harmless Hex miscast
   343 | D:1      | Reached XP level 3. HP: 34/35 MP: 3/3
   466 | D:2      | Reached skill level 1 in Invocations
   575 | D:2      | Reached skill level 1 in Short Blades
   575 | D:2      | Reached skill level 1 in Long Blades
   575 | D:2      | Reached skill level 1 in Maces & Flails
   575 | D:2      | Reached skill level 1 in Polearms
   575 | D:2      | Reached skill level 1 in Staves
   575 | D:2      | Reached skill level 1 in Slings
   575 | D:2      | Reached skill level 1 in Bows
   575 | D:2      | Reached skill level 1 in Crossbows
   575 | D:2      | Reached skill level 1 in Throwing
   575 | D:2      | Reached skill level 1 in Stealth
   575 | D:2      | Reached skill level 1 in Shields
   575 | D:2      | Reached skill level 1 in Unarmed Combat
   575 | D:2      | Reached skill level 1 in Spellcasting
   575 | D:2      | Reached skill level 1 in Evocations
   583 | D:2      | Reached XP level 4. HP: 8/41 MP: 5/5
   963 | D:2      | You fall through a shaft!
  1145 | D:3      | XOM: divination: detect creatures
  1152 | D:3      | Reached skill level 1 in Conjurations
  1152 | D:3      | Reached skill level 1 in Hexes
  1152 | D:3      | Reached skill level 1 in Charms
  1152 | D:3      | Reached skill level 1 in Summonings
  1152 | D:3      | Reached skill level 1 in Necromancy
  1152 | D:3      | Reached skill level 1 in Translocations
  1152 | D:3      | Reached skill level 1 in Transmutations
  1152 | D:3      | Reached skill level 1 in Fire Magic
  1152 | D:3      | Reached skill level 1 in Ice Magic
  1152 | D:3      | Reached skill level 1 in Air Magic
  1152 | D:3      | Reached skill level 1 in Earth Magic
  1152 | D:3      | Reached skill level 1 in Poison Magic
  1154 | D:3      | XOM: destruction
  1172 | D:3      | Reached XP level 5. HP: 13/47 MP: 4/6
  1508 | D:3      | XOM: cloud trail
  1510 | D:3      | Noticed Terence
  1521 | D:3      | Noticed Terence
  1521 | D:3      | Terence changed into Terence the rat
  1523 | D:3      | Killed Terence the rat
  1546 | D:3      | Found an ornate altar of the Wu Jian Council.
  1726 | D:3      | XOM: give mutations
  1726 | D:3      | Gained mutation: Your system is resistant to poisons.
                  | (rPois) [Xom's grace]
  1726 | D:3      | Gained mutation: You evolve. [Xom's grace]
  1956 | D:3      | Lost mutation: You evolve. [end of evolution]
  2099 | D:4      | Noticed a centaur
  2102 | D:4      | Noticed an ogre
  2112 | D:4      | XOM: confuse monster(s)
  2113 | D:4      | Noticed an acid dragon
  2116 | D:4      | XOM: god gift: embroidered cloak {god gift}
  2120 | D:4      | Noticed a hog
  2121 | D:4      | Noticed an acid dragon
  2121 | D:4      | a hog changed into an acid dragon
  2122 | D:4      | Killed a centaur
  2122 | D:4      | Reached XP level 6. HP: 45/53 MP: 8/8
  2122 | D:4      | Noticed a black bear
  2122 | D:4      | an acid dragon changed into a black bear
  2126 | D:4      | XOM: summons 4 friendly demons
  2127 | D:4      | Noticed a golden eye
  2127 | D:4      | a black bear changed into a golden eye
  2128 | D:4      | Killed a golden eye
  2128 | D:4      | Reached skill level 5 in Armour
  2156 | D:4      | Reached XP level 7. HP: 58/59 MP: 10/10
  2158 | D:4      | XOM: give mutation
  2158 | D:4      | Gained mutation: You are frail. (-10% HP) [Xom's mischief]
  2167 | D:4      | Noticed Robin
  2177 | D:4      | Killed Robin
  2209 | D:4      | Found a staircase to the Ecumenical Temple.
  2213 | D:4      | Noticed Grinder
  2225 | D:4      | Noticed Grinder
  2225 | D:4      | Grinder changed into Grinder the smoke demon
  2233 | D:4      | Noticed Grinder
  2233 | D:4      | Grinder the smoke demon changed into Grinder the apocalypse
                  | crab
  2233 | D:4      | XOM: polymorph Grinder the smoke demon -> Grinder the
                  | apocalypse crab
  2235 | D:4      | Noticed Grinder
  2235 | D:4      | Grinder the apocalypse crab changed into Grinder the efreet
  2243 | D:4      | HP: 1/53 [Grinder the efreet/fireball (7)]
  2244 | D:4      | Killed Grinder the efreet
  2272 | Temple   | XOM: noise
  2272 | Temple   | Entered the Ecumenical Temple
  2622 | D:4      | XOM: give mutations
  2622 | D:4      | Gained mutation: You do not regenerate when monsters are
                  | visible. [Xom's mischief]
  2622 | D:4      | Gained mutation: You are dopey. (Int -2) [Xom's mischief]
  2622 | D:4      | Lost mutation: You are dopey. (Int -2) [Xom's mischief]
  2622 | D:4      | Gained mutation: You are clumsy. (Dex -2) [Xom's mischief]
  2656 | D:4      | Found a radiant altar of Vehumet.
  2760 | D:4      | Found a sacrificial altar of Ru.
  2766 | D:4      | XOM: summons 6 friendly demons
  2788 | D:4      | Noticed Edmund
  2793 | D:4      | XOM: confuse monster(s)
  2807 | D:4      | Noticed Edmund
  2812 | D:4      | XOM: divination: magic mapping
  2815 | D:4      | XOM: cleaving
  2815 | D:4      | Slain by Edmund the warg

Vault maps used:
D:1:      noname_arrival_rooms_in_the_neighbourhood
D:2:      kennysheep_big_flooded_room, first_ration, uniq_crazy_yiuf_cottage
D:3:      lemuel_crystal_altar, serial_bayou_pond_b, uniq_terence
D:4:      overflow_temple_1_default, minmay_temple_entry_mist,
          nicolae_ru_great_annihilating_truth, uniq_grinder, uniq_edmund,
          uniq_duvessa, uniq_robin
Temple:   eino_wide_crystal_templ

Skill      XL: |  1  2  3  4  5  6  7 |
---------------+----------------------+-----
Invocations    | 1 2 3 |  3.0
Short Blades   | 1 2 |  2.6
Long Blades    | 1 2 |  2.6
Maces & Flails | 1 2 |  2.6
Polearms       | 1 2 |  2.6
Staves         | 1 2 |  2.6
Slings         | 1 2 |  2.6
Bows           | 1 2 |  2.6
Crossbows      | 1 2 |  2.6
Throwing       | 1 2 |  2.6
Stealth        | 1 2 |  2.6
Shields        | 1 2 |  2.6
Unarmed Combat | 1 2 |  2.6
Spellcasting   | 1 2 |  2.6
Evocations     | 1 2 |  2.6
Conjurations   | 1 2 |  2.1
Hexes          | 1 2 |  2.1
Charms         | 1 2 |  2.1
Summonings     | 1 2 |  2.1
Necromancy     | 1 2 |  2.1
Translocations | 1 2 |  2.1
Transmutations | 1 2 |  2.1
Fire Magic     | 1 2 |  2.1
Ice Magic      | 1 2 |  2.1
Air Magic      | 1 2 |  2.1
Earth Magic    | 1 2 |  2.1
Poison Magic   | 1 2 |  2.1
Dodging        | 3 |  3.7
Armour         | 5 |  5.3
Fighting       | 7 |  7.1
Axes           | 7 |  7.1

Action                   |  1- 3 |  4- 6 |  7- 9 || total
-------------------------+-------+-------+-------++-------
Melee: Hand axe          |    93 |   151 |    58 ||   302
       Bite              |    11 |    17 |     4 ||    32
       Punch             |       |     2 |       ||     2
  Use: Potion            |       |       |     8 ||     8
       Scroll            |       |       |     6 ||     6
 Stab: Sleeping          |     3 |       |       ||     3
       Confused          |     1 |     3 |       ||     4
       Petrified         |     2 |       |       ||     2
       Paralysed         |       |     3 |     1 ||     4
  Eat: Chunk             |       |     4 |     2 ||     6
Armor: Leather armour    |    35 |    32 |       ||    67
       Chain mail        |       |    27 |    43 ||    70
Dodge: Dodged            |    58 |    69 |    27 ||   154

Table legend:
 A = Non-vault XP
 B = Vault XP
 C = Vault XP percentage of total XP
 D = Non-vault monster count
 E = Vault monster count
 F = Vault count percentage of total count
                 A         B        C        D         E       F
            +---------+---------+-------+---------+---------+-------
      Total |     584 |     493 |  45.8 |      77 |      24 |  23.8
            +---------+---------+-------+---------+---------+-------
        D:1 |      39 |       0 |   0.0 |      24 |       0 |   0.0
        D:2 |      46 |       3 |   6.1 |      18 |       2 |  10.0
        D:3 |     123 |      67 |  35.3 |      26 |       5 |  16.1
        D:4 |     376 |     423 |  52.9 |       9 |      17 |  65.4
            +---------+---------+-------+---------+---------+-------
